 Dungeon Crawl Stone Soup version 0.25.1-2-g60ff931df9 (webtiles) character file.

Game seed: 4555772297235098927

17266 Johnny the Geomancer (level 11, -24/74 HPs)
             Began as a Demigod Earth Elementalist on Oct 26, 2020.
             Killed from afar by an ice dragon (64 damage)
             ... with a blast of cold
             ... in an ice cave.
             The game lasted 00:16:33 (17148 turns).

Johnny the Geomancer (Demigod Earth Elementalist)  Turns: 17148, Time: 00:16:34

Health: -24/74     AC: 13    Str: 11    XL:     11   Next: 89%
Magic:  9/37       EV: 16    Int: 25    God:
Gold:   653        SH: 12    Dex: 19    Spells: 14/27 levels left

rFire    . . .     SeeInvis .   b - +2 dagger (drain)
rCold    . . .     Gourm    .   B - +1 kite shield {reflect}
rNeg     . . .     Faith    .   G - +5 robe of Misfortune {*Contam Harm *Corrode *Drain *Slow EV+5}
rPois    .         Spirit   .   J - +2 helmet
rElec    .         Reflect  +   (no cloak)
rCorr    .         Harm     +   H - +2 pair of gloves {Dex+3}
MR       +....                  (no boots)
Stlth    ++........             F - amulet of regeneration
HPRegen  0.62/turn              c - ring of magical power
MPRegen  0.25/turn              (no ring)

@: no status effects
A: high mp 1
a: no special abilities


You were in an ice cave.
You were not hungry.

You visited 1 branch of the dungeon, and saw 12 of its levels.
You also visited: Ice Cave.

You collected 791 gold pieces.
You spent 138 gold pieces at shops.

Inventory:

Hand Weapons
 b - a +2 dagger of draining (weapon)
Missiles
 t - 12 stones (quivered)
Armour
 B - a +1 kite shield of reflection (worn)
 E - a +2 leather armour of poison resistance
 G - the +5 robe of Misfortune (worn) {*Contam Harm *Corrode *Drain *Slow EV+5}
   (You found it on level 7 of the Dungeon)

   It affects your evasion (+5).
   It causes magical contamination when unequipped.
   It may corrode you when you take damage.
   It causes draining when unequipped.
   It may slow you when you take damage.
   It increases damage dealt and taken.
 H - a +2 pair of gloves of dexterity (worn)
 J - a +2 helmet (worn)
Jewellery
 c - a ring of magical power (left hand)
 F - an amulet of regeneration (around neck)
Wands
 h - a wand of clouds (2)
 i - a wand of paralysis (6)
 l - a wand of polymorph (3)
 q - a wand of random effects (7)
Scrolls
 a - 2 scrolls of immolation
 e - 4 scrolls of teleportation
 g - 4 scrolls of remove curse
 o - 4 scrolls of amnesia
 u - 2 scrolls of magic mapping
 x - 3 scrolls of blinking
 y - a scroll of noise
 D - a scroll of enchant armour
 I - a scroll of vulnerability {unknown}
 N - a scroll of torment
Potions
 f - 3 potions of degeneration
 j - 2 potions of stabbing {unknown}
 k - a potion of resistance {unknown}
 m - 3 potions of flight {unknown}
 n - 8 potions of curing {unknown}
 p - 3 potions of brilliance {unknown}
 s - 3 potions of haste {unknown}
 v - 3 potions of lignification {unknown}
 w - 4 potions of might
 z - a potion of magic
 A - 3 potions of heal wounds {unknown}
 K - a potion of cancellation {unknown}
 L - a potion of mutation {unknown}
Miscellaneous
 r - a phantom mirror
Comestibles
 d - 19 rations


   Skills:
 - Level 1.7 Dodging
 - Level 1.7 Stealth
 + Level 8.8 Shields
 + Level 8.9 Spellcasting
 - Level 0.8 Transmutations
 * Level 13.2 Earth Magic


You had 14 spell levels left.
You knew the following spells:

 Your Spells              Type           Power        Failure   Level  Hunger
a - Sandblast             Erth           ######       1%          1    None
b - Stone Arrow           Conj/Erth      #####.       2%          3    None
c - Lee's Rapid Deconstr  Erth           ######....   1%          5    ####...
d - Petrify               Tmut/Erth      #####...     7%          4    ##.....

Your spell library contained the following spells:

 Spells                   Type           Power        Failure   Level  Hunger
 Passwall                 Tmut/Erth      #####...     1%          2    None


Dungeon Overview and Level Annotations

Branches:
Dungeon (12/15)            Temple (0/1) D:7            Lair (0/6) D:10
    Orc (0/2) D:11          IceCv (1/1)

Shops:
D:9 *


Innate Abilities, Weirdness & Mutations

You have an increased reservoir of magic. (+10% MP)


Message History

Your rime drake simulacrum bites the ice dragon but does no damage.
Unknown command.
Casting: Lee's Rapid Deconstruction (dangerous; 1% risk of failure)
Confirm with . or Enter, or press ? or * to list all spells.
Aiming: Petrify (dangerous; 7% risk of failure)
Press: ? - help, Shift-Dir - straight line, f/p - ice dragon
Aim: an ice dragon (heavily wounded, encased in ice, chance to defeat MR: 53%)
The ice dragon resists with significant effort.
The ice dragon is no longer encased in ice.
Your rime drake simulacrum bites the ice dragon but does no damage.
Casting: Petrify (dangerous; 7% risk of failure)
Confirm with . or Enter, or press ? or * to list all spells.
Aiming: Petrify (dangerous; 7% risk of failure)
Press: ? - help, Shift-Dir - straight line, f/p - ice dragon
Aim: an ice dragon (heavily wounded, chance to defeat MR: 53%)
The ice dragon is moving more slowly.
The ice dragon breathes frost at you. The blast of cold hits you!!!
Ouch! That really hurt!
You die...

#................##
##..............##
##...........### #
##........### #
###....### #
###..## ##..###
##...######
###...@..##
####....## ####..##
### ##DZ###.##
##4#....# #...##.#
#####..###
#...##.##
##......#..


You could see an ice dragon (petrifying, catching breath), a friendly ice devil
(summoned) and a friendly rime drake simulacrum (summoned).

Vanquished Creatures
  An ice dragon (IceCv)
  A two-headed ogre (D:10)
  3 cyclopes (D:11)
  2 ice statues (IceCv)
  4 rime drakes
  2 trolls
  A hippogriff (D:8)
  Sigmund (D:2)
  A vampire (D:10)
  19 yaks
  A basilisk (D:10)
  2 steam dragons (D:6)
  Edmund (D:5)
  2 wargs
  A water moccasin (D:8)
  3 porcupines (D:10)
  A sky beast (D:5)
  3 floating eyes (D:10)
  A hornet zombie (D:9)
  4 phantoms
  6 orc warriors
  A black bear (D:10)
  16 ice beasts
  3 necrophages
  4 wolves (D:10)
  An eye of draining (D:11)
  5 ogres
  2 centaurs
  2 crocodiles (D:10)
  4 big kobolds
  10 bullfrogs
  A gnoll sergeant (D:6)
  A wyvern skeleton (D:12)
  5 scorpions
  8 killer bees
  7 wights
  6 howler monkeys
  A bullfrog zombie (D:9)
  2 crimson imps
  A quasit (D:8)
  2 centaur zombies
  3 jellies
  7 orc priests
  A gnoll shaman (D:7)
  4 hounds
  3 bullfrog skeletons
  2 centaur skeletons
  17 orc wizards
  7 worker ants
  A hound skeleton (D:8)
  Robin (D:2)
  A worker ant zombie (D:10)
  6 gnolls
  10 adders
  A river rat (D:7)
  3 shadow imps
  2 adder zombies
  2 worms (D:2)
  2 dart slugs
  9 leopard geckos
  43 orcs
  2 ball pythons
  6 giant cockroaches
  10 goblins
  14 hobgoblins
  19 jackals
  20 kobolds
  3 quokkas
  7 bats
  6 frilled lizards
  A giant cockroach zombie (D:5)
  A jackal skeleton (D:5)
  A jackal zombie (D:7)
  2 leopard gecko skeletons
  A quokka skeleton (D:8)
  2 quokka zombies
  7 rats
369 creatures vanquished.

Vanquished Creatures (others)
  An ice beast (IceCv)
  4 fungi
  7 plants (D:10)
12 creatures vanquished.

Grand Total: 381 creatures vanquished

Notes
Turn   | Place    | Note
-------+----------+-------------------------------------------
     0 | D:1      | Johnny the Demigod Earth Elementalist began the quest for
                  | the Orb.
     0 | D:1      | Reached XP level 1. HP: 14/14 MP: 5/5
   715 | D:1      | Reached skill level 3 in Earth Magic
   995 | D:2      | Reached XP level 2. HP: 18/20 MP: 7/7
  1409 | D:2      | Noticed Sigmund
  1516 | D:2      | HP: 1/20 [something (2)]
  1866 | D:2      | Reached XP level 3. HP: 22/26 MP: 9/9
  2024 | D:2      | Killed Sigmund
  2024 | D:2      | Reached skill level 4 in Earth Magic
  2024 | D:2      | Reached XP level 4. HP: 20/33 MP: 3/11
  2024 | D:2      | Reached XP level 5. HP: 23/38 MP: 3/12
  2582 | D:2      | Reached skill level 5 in Earth Magic
  2994 | D:2      | Noticed Robin
  3007 | D:2      | Killed Robin
  3269 | D:3      | Found an iron altar of Okawaru.
  3740 | D:3      | Found a faded altar of an unknown god.
  4058 | D:3      | Reached XP level 6. HP: 43/45 MP: 8/14
  4063 | D:3      | Reached skill level 1 in Shields
  4642 | D:4      | Found a radiant altar of Vehumet.
  4642 | D:4      | Found an ornate altar of the Wu Jian Council.
  4668 | D:3      | Learned a level 3 spell: Stone Arrow
  4674 | D:3      | Learned a level 5 spell: Lee's Rapid Deconstruction
  5125 | D:4      | Reached skill level 6 in Earth Magic
  5270 | D:4      | Reached XP level 7. HP: 47/50 MP: 14/16
  5497 | D:4      | Found a blossoming altar of Fedhas.
  5526 | D:4      | Found a hazy altar of Hepliaklqana.
  5830 | D:5      | Entered Level 5 of the Dungeon
  7296 | D:5      | Noticed Edmund
  7310 | D:5      | Killed Edmund
  7310 | D:5      | Reached skill level 7 in Earth Magic
  7689 | D:5      | Reached XP level 8. HP: 49/57 MP: 1/18
  8302 | D:6      | Reached skill level 5 in Spellcasting
  8519 | D:6      | Found a basalt altar of Yredelemnul.
  8563 | D:6      | Reached skill level 8 in Earth Magic
 10010 | D:7      | Reached XP level 9. HP: 55/62 MP: 14/21
 10088 | D:7      | Found a staircase to the Ecumenical Temple.
 10306 | D:7      | Found the +5 robe of Misfortune {*Contam Harm *Corrode
                  | *Drain *Slow EV+5}
 10314 | D:7      | Reached skill level 9 in Earth Magic
 10401 | D:7      | Reached skill level 5 in Shields
 10490 | D:7      | Noticed Duvessa
 10491 | D:7      | Noticed Dowan
 10505 | D:7      | Noticed Duvessa
 10505 | D:7      | Duvessa changed into Duvessa the bullfrog
 10507 | D:7      | Killed Duvessa the bullfrog
 10509 | D:7      | Noticed Dowan
 10509 | D:7      | Dowan changed into Dowan the river rat
 10512 | D:7      | Killed Dowan the river rat
 11582 | D:8      | Reached skill level 10 in Earth Magic
 12203 | D:9      | Found Rekhlow's Assorted Antiques.
 12224 | D:9      | Bought a scroll of identify for 46 gold pieces
 12224 | D:9      | Bought a scroll of identify for 46 gold pieces
 12224 | D:9      | Bought a scroll of identify for 46 gold pieces
 12669 | D:9      | Reached XP level 10. HP: 69/69 MP: 24/24
 13083 | D:10     | Entered Level 10 of the Dungeon
 13191 | D:10     | Reached skill level 11 in Earth Magic
 13219 | D:10     | Noticed a two-headed ogre
 13608 | D:10     | Killed a two-headed ogre
 13865 | D:10     | Found a staircase to the Lair.
 14330 | D:10     | Paralysed by a floating eye for 2 turns
 14343 | D:10     | Reached XP level 11. HP: 74/74 MP: 14/26
 14970 | D:11     | Reached skill level 12 in Earth Magic
 15003 | D:10     | Learned a level 4 spell: Petrify
 15133 | D:10     | Identified a scroll of acquirement
 15146 | D:10     | Acquired a +1 kite shield of reflection
 15842 | D:11     | Found a staircase to the Orcish Mines.
 16528 | D:12     | Found a frozen archway.
 16545 | IceCv    | Entered an ice cave
 16812 | IceCv    | Reached skill level 13 in Earth Magic
 17119 | IceCv    | Noticed an ice dragon
 17119 | IceCv    | Noticed an ice dragon
 17130 | IceCv    | Killed an ice dragon
 17148 | IceCv    | Killed from afar by an ice dragon

Illustrated notes

Levels and vault maps discovered:
D:1:      mrwooster_arrival_statue, layout_rooms, minmay_pentomino_x2
D:2:      layout_basic, uniq_sigmund, uniq_robin
D:3:      cheibrodos_thug_alley, layout_basic, chequers_ecumenical_altar_twisty,
          nrook_loot_triangle, okawaru_gym_becter
D:4:      layout_basic, chequers_temple_overflow_statue_of_worship,
          nicolae_overflow_crystal_walls, fedhas_altar_1
D:5:      layout_basic, first_ration, uniq_edmund
D:6:      kennysheep_steamy, layout_loops_ring, marbit_many_paths
D:7:      layout_basic, minmay_temple_entry_statues_pillars, uniq_duvessa
D:8:      layout_gridville
D:9:      layout_roguey, serial_shops, nicolae_shop_statue_plus
D:10:     layout_loops_cross, minmay_lair_entry_grove, onia_ninara_cookie
D:11:     layout_layer_cave, david_orc_3
D:12:     layout_cave_pools, portal_ice_cave_rime, grunt_pizzeria
IceCv:    ice_cave_small_dragons

Skill      XL: |  1  2  3  4  5  6  7  8  9 10 11 |
---------------+----------------------------------+-----
Earth Magic    | 3 4 5 6 7 8 10 11 13 | 13.2
Spellcasting   | 2 3 4 5 6 7 8 |  8.9
Shields        | 1 3 4 6 7 8 |  8.8
Dodging        | |  1.7
Stealth        | |  1.7
Transmutations | |  0.8

Action                   |  1- 3 |  4- 6 |  7- 9 | 10-12 || total
-------------------------+-------+-------+-------+-------++-------
Melee: Unarmed           |    37 |       |       |       ||    37
       Dagger            |    35 |   177 |   313 |   111 ||   636
 Cast: Sandblast         |    29 |    62 |    80 |    69 ||   240
       Stone Arrow       |       |     6 |   114 |   136 ||   256
       Lee's Rapid Decon |       |       |     4 |    24 ||    28
       Petrify           |       |       |       |     2 ||     2
Evoke: Wand              |       |       |    11 |    11 ||    22
  Use: Potion            |     2 |       |       |       ||     2
       Scroll            |       |       |    12 |    11 ||    23
 Stab: Sleeping          |     4 |     6 |     7 |     1 ||    18
       Distracted        |       |       |       |     2 ||     2
  Eat: Chunk             |     4 |    10 |    23 |    16 ||    53
       Ration            |       |       |     1 |     1 ||     2
Armor: Robe              |    21 |    34 |    54 |    81 ||   190
       Skin              |     2 |       |       |       ||     2
       Leather armour    |       |       |    24 |       ||    24
Dodge: Dodged            |    66 |   139 |   230 |   143 ||   578
Block: Buckler           |       |    16 |   105 |    39 ||   160
       Kite shield       |       |       |       |    72 ||    72
       Reflection        |       |       |       |     5 ||     5
